 Dungeon Crawl Stone Soup version 0.20.1-1-g8b1a95d (webtiles) character file.

32 Peloso the Skirmisher (level 3, -6/29 HPs)
             Began as a Demonspawn Fighter on Oct 15, 2017.
             Mangled by a black bear (9 damage)
             ... on level 3 of the Dungeon.
             The game lasted 00:02:24 (748 turns).

Peloso the Skirmisher (Demonspawn Fighter)           Turns: 748, Time: 00:02:25

Health: -6/29      AC:  6    Str: 17    XL:     3   Next: 8%
Magic:  3/3        EV:  7    Int:  9    God:
Gold:   46         SH: 13    Dex: 12    Spells: 2/2 levels left

rFire    + . .     SeeInvis .   a - +0 long sword
rCold    . . .     Gourm    .   c - +0 shield
rNeg     . . .     Faith    .   b - +0 scale mail
rPois    .         Spirit   .   (no helmet)
rElec    .         Reflect  .   l - scarf {cloud immunity}
rCorr    .         Harm     .   (no gloves)
MR       .....                  (no boots)
Stlth    ..........             (no amulet)
Regen    0.1/turn               j - ring of protection from fire
MPRegen  0.1/turn               (no ring)

@: no status effects
A: hooves 1, large bone plates 1
a: no special abilities


You were on level 3 of the Dungeon.
You were not hungry.

You visited 1 branch of the dungeon, and saw 3 of its levels.

You collected 46 gold pieces.

Inventory:

Hand Weapons
 a - a +0 long sword (weapon)
Armour
 b - a +0 scale mail (worn)
 c - a +0 shield (worn)
 l - a scarf of cloud immunity (worn)
Jewellery
 j - a ring of protection from fire (left hand)
Scrolls
 g - 2 scrolls of identify {unknown}
Potions
 d - a potion of might
 e - a potion of curing {unknown}
 h - 2 potions of mutation {unknown}
 i - a potion of magic {unknown}
 k - a potion of brilliance {unknown}
Comestibles
 f - a bread ration
 m - a royal jelly


   Skills:
 + Level 3.3 Fighting
 + Level 2.1 Long Blades
 + Level 3.1 Armour
 + Level 0.2 Stealth
 + Level 3.0 Shields


You had 2 spell levels left.
You didn't know any spells.

Dungeon Overview and Level Annotations

Branches:
Dungeon (3/15)

Altars:
The Shining One


Innate Abilities, Weirdness & Mutations

You have large cloven feet.
You are partially covered in large bone plates. (SH +4)


Message History

Your shield and scale mail prevent you from hitting the black bear.
The black bear is almost dead.
You block the black bear's attack. x2; The black bear claws you.
The hobgoblin hits you with a club.
* * * LOW HITPOINT WARNING * * *
The black bear bites you.
* * * LOW HITPOINT WARNING * * *
The black bear claws you but does no damage.
The black bear closely misses you.
You barely miss the black bear.
The black bear is almost dead.
You block the black bear's attack. x3
The hobgoblin hits you but does no damage.
You block the black bear's attack. The black bear claws you.
* * * LOW HITPOINT WARNING * * *
The black bear claws you but does no damage.
You barely miss the black bear.
The black bear is almost dead.
The black bear bites you!
You die...

.... ..... .....
.....#### #
........#.#
......#.#
#..<..###
#.#####..<....#
...?..h@......#
........g........
......../.....###
#.###.........# .
#..#.........
#.##.......#.# #.
#.......#.# .>
#.......#


You could see a black bear (berserk) and a hobgoblin.

Vanquished Creatures
  An ooze (D:1)
  A worm (D:2)
  A dart slug (D:2)
  3 bats (D:1)
  3 goblins
  2 hobgoblins (D:1)
  4 jackals (D:1)
  2 kobolds (D:1)
  2 frilled lizards (D:1)
  2 rats (D:1)
21 creatures vanquished.

Notes
Turn   | Place    | Note
-------+----------+-------------------------------------------
     0 | D:1      | Peloso the Demonspawn Fighter began the quest for the Orb.
     0 | D:1      | Reached XP level 1. HP: 18/18 MP: 1/1
    50 | D:1      | Gained mutation: You are partially covered in large bone plates. (SH +4) [demonic ancestry]
    50 | D:1      | Reached XP level 2. HP: 16/24 MP: 2/2
   127 | D:1      | Found a glowing golden altar of the Shining One.
   712 | D:2      | Gained mutation: You have large cloven feet. [demonic ancestry]
   712 | D:2      | Reached XP level 3. HP: 29/29 MP: 3/3
   739 | D:3      | Noticed a black bear
   748 | D:3      | Mangled by a black bear

Skill      XL: |  1  2 |
---------------+-------+-----
Armour         | 3 |  3.1
Long Blades    | 2 |  2.1
Shields        | 3 |  3.0
Fighting       | |  3.3
Stealth        | |  0.2

Action                   || total
-------------------------++-------
Melee: Long sword        ||    62
       Kick              ||     4
Armor: Scale mail        ||    29
Dodge: Dodged            ||    23
Block: Shield            ||    49
       Rpst.: Long sword ||     6
